 Dungeon Crawl Stone Soup version bcrawl-1.13.1 (webtiles) character file.

Game seed: 16905608182518529323

7222 erloom the Cleaver (level 10, -6/90 HPs)
             Began as a Demigod Fighter on Aug 2, 2019.
             Mangled by a wyvern zombie (10 damage)
             ... on level 8 of the Dungeon.
             The game lasted 00:20:13 (10069 turns).

erloom the Cleaver (Demigod Fighter)               Turns: 10069, Time: 00:20:13

Health: -6/90      AC: 15    Str: 20    XL:     10   Next: 87%
Magic:  17/20      EV:  3    Int: 18    God:    Demigod [***...]
Gold:   210        SH:  9    Dex: 16    Spells: 9/9 levels left

rFire    + . .     SeeInvis .   a - +2 war axe
rCold    . . .     Gourm    .   c - +0 shield
rNeg     . . .     Faith    +   J - +0 plate armour
rPois    .         Spirit   .   q - +0 helmet
rElec    .         Reflect  .   r - +0 cloak
rCorr    .         Harm     .   m - +0 pair of gloves
MR       +....                  k - +0 pair of boots
Stlth    ..........             p - amulet of faith
HPRegen  0.25/turn              v - ring of stealth
MPRegen  0.17/turn              w - ring of protection from fire

@: flying
A: high mp 1
a: Temporal Distortion, Growth, Major Destruction


You were on level 8 of the Dungeon.
You worshipped Demigod.
Demigod was most pleased with you.
You were hungry.

You visited 1 branch of the dungeon, and saw 8 of its levels.
You also visited: Sewer.

You collected 484 gold pieces.
You spent 274 gold pieces at shops.

Inventory:

Hand Weapons
 a - a +2 war axe (weapon)
 n - a +0 dagger of flaming
Missiles
 H - 35 tomahawks (quivered)
Armour
 c - a +0 shield (worn)
 e - a +0 chain mail
 k - a +0 pair of boots (worn)
 m - a +0 pair of gloves (worn)
 q - a +0 helmet (worn)
 r - a +0 cloak (worn)
 B - a +0 leather armour
 J - a +0 plate armour (worn)
Jewellery
 p - an amulet of faith (around neck)
 v - a ring of stealth (left hand)
 w - a ring of protection from fire (right hand)
 y - an uncursed amulet of magic regeneration
Wands
 K - a wand of digging (6)
Scrolls
 b - a scroll of noise
 g - 7 scrolls of remove curse
 h - a scroll of amnesia
 j - 6 scrolls of teleportation
 u - a scroll of enchant weapon
 A - a scroll of blinking
 C - 4 scrolls of fog {unknown}
 D - a scroll of fear {unknown}
 I - a scroll of magic mapping {unknown}
Potions
 l - a potion of ambrosia
 o - a potion of brilliance {unknown}
 s - a potion of mutation
 t - a potion of agility
 x - 3 potions of heal wounds {unknown}
 z - a potion of flight
 E - a potion of invisibility {unknown}
 F - a potion of degeneration {unknown}
 G - 2 potions of berserk rage {unknown}
Comestibles
 f - 24 rations {!d}


   Skills:
 + Level 8.5 Fighting
 * Level 11.3 Axes
 - Level 2.6 Armour
 - Level 2.6 Shields
 + Level 9.4 Invocations


You had 9 spell levels left.
You didn't know any spells.
Your spell library contained the following spells:

 Spells                   Type           Power        Failure   Level  Hunger
 Animate Skeleton         Necr           N/A          100%        1    ##.....
 Corona                   Hex            #......      100%        1    ##.....
 Pain                     Necr           #...         100%        1    ##.....
 Shackle                  Hex            #.......     100%        2    ###....
 False Image              Hex/Summ       #.......     100%        3    ####...
 Inner Flame              Hex/Fire       N/A          100%        3    ####...
 Regeneration             Chrm/Necr      #.........   100%        3    ####...
 Vampiric Draining        Necr           #.........   100%        3    ####...
 Animate Dead             Necr           N/A          100%        4    #####..
 Cause Fear               Hex            #.........   100%        4    #####..
 Yara's Violent Unravell  Hex/Tmut       #.........   100%        4    #####..
 Bolt of Draining         Conj/Necr      #.........   100%        5    ######.


Dungeon Overview and Level Annotations

Branches:
Dungeon (8/12)             Temple (0/1) D:4            Lair (0/6) D:7
    Orc: D:8-11

Shops:
D:5 ::**   D:7 =


Innate Abilities, Weirdness & Mutations

You have an increased reservoir of magic. (+10% MP)


Message History

The wyvern zombie is moderately damaged.
The wyvern zombie bites you.
* * * LOW HITPOINT WARNING * * *
You warp the flow of time around you!
You feel somewhat more hungry.
Things that are here:
a +0 dagger; a +0 robe Throwing (i - inventory)
H - 36 tomahawks (quivered)
Press: ? - help, Shift-Dir - straight line, f - wyvern zombie
Aim: a wyvern zombie (moderately damaged)
You throw a tomahawk.
The tomahawk barely misses the wyvern zombie.
Okay, then.
You hit the wyvern zombie but do no damage.
The wyvern zombie is moderately damaged.
You block the wyvern zombie's attack.
It was a potion of flight.
You feel very buoyant.
You fly up into the air.
The wyvern zombie bites you!
You die...
Your divinity fades.

######## ......#
#.###.#######
#.#)#.......#
########..#(.#####.#
^......>.###.##### #
..#..Z.## ##@...#
.........###Z###.#
...#.###..#.## #.#
#. # #?..## #[#
#.### #)# ...#
#........ #....
.........
#...###############
.....o..o.#


You could see a wyvern zombie.

Vanquished Creatures
  A hydra (D:8)
  A wolf spider zombie (D:8)
  An elephant (D:7)
  A troll (D:8)
  5 slime creatures (D:8)
  A hippogriff (D:6)
  5 yaks
  4 hogs (D:7)
  2 basilisks (D:7)
  A human (D:7)
  A hungry ghost (D:6)
  A water moccasin (D:4)
  An ice beast (D:6)
  An orc warrior (D:7)
  2 sky beasts
  3 ogres
  A necrophage (D:4)
  5 phantoms
  A big kobold (Sewer)
  3 bullfrogs
  A gnoll sergeant (D:7)
  A scorpion (D:7)
  4 crimson imps
  3 hounds
  A quasit (D:5)
  A bullfrog zombie (D:7)
  2 orc priests (D:7)
  4 orc wizards
  Crazy Yiuf (D:2)
  A jelly (D:6)
  A bullfrog skeleton (D:6)
  A centaur skeleton (D:7)
  2 iguanas
  3 worker ants
  Robin (D:2)
  8 gnolls
  7 adders
  A river rat (D:3)
  A shadow imp (D:7)
  3 oozes (D:2)
  2 adder skeletons
  5 worms
  2 dart slugs
  9 leopard geckos
  11 orcs
  7 bats
  3 giant cockroaches
  10 goblins
  14 hobgoblins
  16 jackals
  2 quokkas
  3 frilled lizards
  A goblin zombie (D:5)
  2 hobgoblin zombies (D:5)
  13 kobolds
  A kobold skeleton (D:5)
  3 kobold zombies (D:5)
  2 orc skeletons (D:5)
  An orc zombie (D:5)
  2 quokka skeletons
  8 rats
  A spectral orc (D:6)
206 creatures vanquished.

Vanquished Creatures (others)
  A plant (D:7)
1 creature vanquished.

Grand Total: 207 creatures vanquished

Notes
Turn   | Place    | Note
-------+----------+-------------------------------------------
     0 | D:1      | erloom the Demigod Fighter began the quest for the Orb.
     0 | D:1      | Reached XP level 1. HP: 18/18 MP: 3/3
   183 | D:1      | Reached skill level 2 in Axes
   221 | D:1      | Reached XP level 2. HP: 14/25 MP: 4/4
  1206 | D:2      | Reached XP level 3. HP: 31/31 MP: 5/5
  1349 | D:2      | Reached skill level 3 in Axes
  1371 | D:2      | Found a runed door.
  1488 | D:2      | Reached * piety under Demigod
  1642 | D:2      | Noticed Robin
  1674 | D:2      | Reached XP level 4. HP: 14/38 MP: 6/6
  1686 | D:2      | Killed Robin
  2359 | D:2      | Noticed Crazy Yiuf
  2371 | D:2      | Killed Crazy Yiuf
  2558 | D:3      | Reached ** piety under Demigod
  2558 | D:3      | Reached skill level 4 in Axes
  2603 | D:3      | Reached XP level 5. HP: 42/46 MP: 7/7
  2719 | D:3      | Found a glowing drain.
  3025 | D:3      | Found a sacrificial altar of Ru.
  3361 | D:4      | Found a glowing drain.
  3366 | Sewer    | Entered a sewer
  3441 | Sewer    | Reached *** piety under Demigod
  3452 | Sewer    | Reached XP level 6. HP: 43/52 MP: 8/8
  3473 | Sewer    | Found a white marble altar of Elyvilon.
  3550 | D:4      | Reached skill level 5 in Axes
  4078 | D:4      | Found a staircase to the Ecumenical Temple.
  4247 | D:4      | Reached skill level 1 in Invocations
  4256 | D:4      | Noticed a water moccasin
  4271 | D:4      | Killed a water moccasin
  4271 | D:4      | Reached XP level 7. HP: 43/60 MP: 9/11
  4480 | D:4      | Reached skill level 6 in Axes
  4760 | D:4      | Reached skill level 5 in Fighting
  4885 | D:5      | Entered Level 5 of the Dungeon
  5041 | D:5      | Found Fautyopnyff's Assorted Antiques.
  5049 | D:5      | Bought 2 scrolls labeled HONUOXZ MIEFOK for 48 gold pieces
  5287 | D:5      | Found Dyxeluex's Assorted Antiques.
  5290 | D:5      | Bought a scroll of identify for 58 gold pieces
  5290 | D:5      | Bought a scroll labeled PEHOITAMOO for 29 gold pieces
  5290 | D:5      | Bought a scroll of identify for 58 gold pieces
  5290 | D:5      | Bought a scroll labeled NUEMMU COIRYA for 29 gold pieces
  5290 | D:5      | Bought a purple potion for 26 gold pieces
  5290 | D:5      | Bought a coppery potion for 26 gold pieces
  5411 | D:5      | Found a glowing golden altar of the Shining One.
  5415 | D:5      | Reached XP level 8. HP: 68/68 MP: 13/13
  5419 | D:5      | Reached **** piety under Demigod
  5488 | D:5      | Found Unwoerr's Book Emporium.
  5594 | D:5      | Reached skill level 7 in Axes
  5729 | D:5      | Found Ydiog's Book Shoppe.
  6158 | D:6      | Noticed a hippogriff
  6173 | D:6      | Killed a hippogriff
  6173 | D:6      | Reached skill level 5 in Invocations
  6599 | D:6      | Reached skill level 8 in Axes
  6962 | D:6      | Found a basalt altar of Yredelemnul.
  7045 | D:7      | Reached XP level 9. HP: 48/77 MP: 14/16
  7357 | D:7      | Found a staircase to the Lair.
  7384 | D:7      | Reached skill level 9 in Axes
  7544 | D:7      | Noticed an elephant
  7568 | D:7      | HP: 1/78 [basilisk (14)]
  7929 | D:7      | Found Qouqe's Jewellery Boutique.
  8608 | D:7      | Reached skill level 10 in Axes
  8707 | D:7      | Killed an elephant
  8707 | D:7      | Reached XP level 10. HP: 79/86 MP: 17/19
  8854 | D:7      | HP: 3/86 [orc warrior/+1 halberd of pain (13)]
  9490 | D:8      | Reached skill level 11 in Axes
  9539 | D:8      | HP: 1/88 [troll (10)]
  9934 | D:8      | Noticed an eight-headed hydra
  9943 | D:8      | Killed an eight-headed hydra
 10061 | D:8      | HP: 2/90 [wyvern zombie (6)]
 10069 | D:8      | Mangled by a wyvern zombie

Skill      XL: |  1  2  3  4  5  6  7  8  9 10 |
---------------+-------------------------------+-----
Axes           | 2 3 4 5 6 8 10 11 | 11.3
Fighting       | 3 4 5 6 7 8 |  8.5
Invocations    | 2 3 5 7 9 |  9.4
Armour         | |  2.6
Shields        | |  2.6

Action                   |  1- 3 |  4- 6 |  7- 9 | 10-12 || total
-------------------------+-------+-------+-------+-------++-------
Melee: War axe           |   169 |   236 |   425 |   144 ||   974
       Dagger            |       |       |       |     3 ||     3
Throw: Tomahawk          |       |       |     7 |     3 ||    10
Invok: Heroism           |       |       |     3 |     3 ||     6
       Major Destruction |       |       |     1 |     5 ||     6
       Temporal Distorti |       |       |     1 |     3 ||     4
       Growth            |       |       |     1 |       ||     1
  Use: Potion            |       |     1 |     5 |     4 ||    10
       Scroll            |       |     5 |     6 |     1 ||    12
 Stab: Paralysed         |       |     1 |       |       ||     1
       Distracted        |       |       |       |     1 ||     1
  Eat: Chunk             |     3 |     9 |    18 |     5 ||    35
Armor: Chain mail        |   120 |   126 |   304 |     1 ||   551
       Plate armour      |       |       |       |    50 ||    50
Dodge: Dodged            |    45 |    44 |   101 |    17 ||   207
Block: Shield            |    93 |   136 |   231 |    54 ||   514
